UNITED STATES SILVER LEAGUE
NORTHERN VIRGINIA RETRIEVERS VS NEW AMSTERDAM REPUBLICS
06/28/2014
 
TOP OF THE 1ST
New Amsterdam Republics batting - Pitching for Northern Virginia Retrievers : LHP Pat Horton
Pitching: LHP Pat Horton
Batting: SHB Juan López 0-0: Ball
1-0: Called Strike
1-1: Ground out 6-3 (Groundball, 6)
Batting: RHB Rodrigo Luna 0-0: Ball
1-0: Called Strike
1-1: Fly out, F9 (Flyball, 89S)
Batting: RHB Colby Turner 0-0: Ground out 5-3 (Groundball, 56)
Top of the 1st over - 0 run(s), 0 hit(s), 0 error(s), 0 left on base; New Amsterdam 0 - Northern Virginia 0
BOTTOM OF THE 1ST
Northern Virginia Retrievers batting - Pitching for New Amsterdam Republics : LHP Timothy Allen
Pitching: LHP Timothy Allen
Batting: LHB Luis Robles 0-0: Ball
1-0: Called Strike
1-1: Ground out 4-3 (Groundball, 4)
Batting: RHB Danny Spencer 0-0: Ball
1-0: Ground out 5-3 (Groundball, 5S)
Batting: RHB Don Brown 0-0: Ball
1-0: Swinging Strike
1-1: Ball
2-1: Ground out 6-3 (Groundball, 6)
Bottom of the 1st over - 0 run(s), 0 hit(s), 0 error(s), 0 left on base; New Amsterdam 0 - Northern Virginia 0
TOP OF THE 2ND
New Amsterdam Republics batting - Pitching for Northern Virginia Retrievers : LHP Pat Horton
Batting: RHB Lawrence Bell 0-0: Ball
1-0: Ball
2-0: Ball
3-0: Called Strike
3-1: Base on Balls
Batting: RHB Tony Torres 0-0: Ball
1-0: Foul Ball, location: 2F
1-1: SINGLE (Groundball, 56D)
Lawrence Bell to second
Batting: LHB Juan Ángel 0-0: Foul Ball, location: 2F
0-1: Ball
1-1: Called Strike
1-2: Strikes out looking
Batting: RHB Raúl Hernández 0-0: Called Strike
0-1: Ball
1-1: Foul Ball, location: 2F
1-2: Ball
2-2: Ball
3-2: Strikes out looking
Batting: SHB Ludovico Bluemel 0-0: Foul Ball, location: 2F
0-1: Ball
1-1: Foul Ball, location: 2F
1-2: Strikes out swinging
Top of the 2nd over - 0 run(s), 1 hit(s), 0 error(s), 2 left on base; New Amsterdam 0 - Northern Virginia 0
BOTTOM OF THE 2ND
Northern Virginia Retrievers batting - Pitching for New Amsterdam Republics : LHP Timothy Allen
Batting: RHB Manuel Romo 0-0: Called Strike
0-1: Ball
1-1: Swinging Strike
1-2: Ball
2-2: Strikes out looking
Batting: RHB Jorge Gómez 0-0: Ball
1-0: Ball
2-0: SOLO HOME RUN (Line Drive, 78XD), Distance : 429 ft
Batting: LHB John Holbrook 0-0: Ball
1-0: Foul Ball, location: 2F
1-1: Swinging Strike
1-2: Strikes out looking
Batting: LHB Scott Boardman 0-0: Fly out, F8 (Flyball, 89XD)
Bottom of the 2nd over - 1 run(s), 1 hit(s), 0 error(s), 0 left on base; New Amsterdam 0 - Northern Virginia 1
TOP OF THE 3RD
New Amsterdam Republics batting - Pitching for Northern Virginia Retrievers : LHP Pat Horton
Batting: LHB Timothy Allen 0-0: Swinging Strike
0-1: Swinging Strike
0-2: Ball
1-2: Strikes out swinging
Batting: SHB Juan López 0-0: Ball
1-0: Called Strike
1-1: Swinging Strike
1-2: Strikes out swinging
Batting: RHB Rodrigo Luna 0-0: Foul Ball, location: 2F
0-1: Swinging Strike
0-2: Fly out, F8 (Line Drive, 8LM)
Top of the 3rd over - 0 run(s), 0 hit(s), 0 error(s), 0 left on base; New Amsterdam 0 - Northern Virginia 1
BOTTOM OF THE 3RD
Northern Virginia Retrievers batting - Pitching for New Amsterdam Republics : LHP Timothy Allen
Batting: LHB Danny Scanlan 0-0: SINGLE (Flyball, 8LM)
Batting: RHB Pat Horton Pickoff Throw to First - Out!
0-0: Ground out 1-3 (Groundball, 15)
Batting: LHB Luis Robles 0-0: SINGLE (Groundball, 4MD)
Batting: RHB Danny Spencer 0-0: Ball
1-0: Ball
2-0: Called Strike
2-1: Called Strike
Luis Robles steals 2nd base
2-2: Fly out, F8 (Flyball, 8LM)
Bottom of the 3rd over - 0 run(s), 2 hit(s), 0 error(s), 1 left on base; New Amsterdam 0 - Northern Virginia 1
TOP OF THE 4TH
New Amsterdam Republics batting - Pitching for Northern Virginia Retrievers : LHP Pat Horton
Batting: RHB Colby Turner 0-0: Called Strike
0-1: Ball
1-1: Ball
2-1: Ground out 6-3 (Groundball, 6M)
Batting: RHB Lawrence Bell 0-0: Ball
1-0: Foul Ball, location: 2F
1-1: Swinging Strike
1-2: Ball
2-2: Strikes out swinging
Batting: RHB Tony Torres 0-0: Called Strike
0-1: Foul Ball, location: 2F
0-2: Ball
Single, Error in OF, E7, batter to second base
Batting: LHB Juan Ángel 0-0: Ground out 6-3 (Groundball, 6)
Top of the 4th over - 0 run(s), 1 hit(s), 1 error(s), 1 left on base; New Amsterdam 0 - Northern Virginia 1
BOTTOM OF THE 4TH
Northern Virginia Retrievers batting - Pitching for New Amsterdam Republics : LHP Timothy Allen
Batting: RHB Don Brown 0-0: Ball
1-0: Ball
2-0: Fly out, F3 (Popup, 3F)
Batting: RHB Manuel Romo 0-0: Ball
1-0: Ball
2-0: Foul Ball, location: 2F
2-1: Swinging Strike
2-2: Ground out 5-3 (Groundball, 56)
Batting: RHB Jorge Gómez 0-0: Ball
1-0: Ball
2-0: Ball
3-0: Foul Ball, location: 2F
3-1: Fly out, F8 (Flyball, 8LXD)
Bottom of the 4th over - 0 run(s), 0 hit(s), 0 error(s), 0 left on base; New Amsterdam 0 - Northern Virginia 1
TOP OF THE 5TH
New Amsterdam Republics batting - Pitching for Northern Virginia Retrievers : LHP Pat Horton
Batting: RHB Raúl Hernández 0-0: Ball
1-0: Foul Ball, location: 2F
1-1: Ball
2-1: SOLO HOME RUN (Flyball, 7D), Distance : 401 ft
Batting: SHB Ludovico Bluemel 0-0: Ground out 6-3 (Groundball, 6)
Batting: LHB Timothy Allen 0-0: Called Strike
0-1: Ball
1-1: Swinging Strike
1-2: Foul Ball, location: 2F
1-2: Strikes out swinging
Batting: SHB Juan López 0-0: Ball
1-0: Foul Ball, location: 2F
1-1: Ball
2-1: Foul Ball, location: 2F
2-2: Ground out 5-3 (Groundball, 56)
Top of the 5th over - 1 run(s), 1 hit(s), 0 error(s), 0 left on base; New Amsterdam 1 - Northern Virginia 1
BOTTOM OF THE 5TH
Northern Virginia Retrievers batting - Pitching for New Amsterdam Republics : LHP Timothy Allen
Batting: LHB John Holbrook 0-0: Ball
1-0: Ball
2-0: Ball
3-0: Base on Balls
Batting: LHB Scott Boardman 0-0: Foul Ball, location: 2F
0-1: Fly out, F5 (Popup, 5F)
Batting: LHB Danny Scanlan 0-0: Foul Ball, location: 2F
0-1: SINGLE (Groundball, 3)
John Holbrook to second
Batting: RHB Pat Horton 0-0: Sac Bunt - play at first, batter OUT! 2-4
John Holbrook to third
Danny Scanlan to second
Batting: LHB Luis Robles 0-0: Called Strike
0-1: Ground out U3 (Groundball, 3L)
Bottom of the 5th over - 0 run(s), 1 hit(s), 0 error(s), 2 left on base; New Amsterdam 1 - Northern Virginia 1
TOP OF THE 6TH
New Amsterdam Republics batting - Pitching for Northern Virginia Retrievers : LHP Pat Horton
Batting: RHB Rodrigo Luna 0-0: Called Strike
0-1: Swinging Strike
0-2: Strikes out looking
Batting: RHB Colby Turner 0-0: Ball
1-0: DOUBLE (Line Drive, 9LM)
Batting: RHB Lawrence Bell 0-0: Intentional Walk
Batting: RHB Tony Torres 0-0: Foul Ball, location: 2F
0-1: Fly out, F9 (Flyball, 9M)
Batting: LHB Juan Ángel 0-0: Ground out 1-3 (Groundball, 15)
Top of the 6th over - 0 run(s), 1 hit(s), 0 error(s), 2 left on base; New Amsterdam 1 - Northern Virginia 1
BOTTOM OF THE 6TH
Northern Virginia Retrievers batting - Pitching for New Amsterdam Republics : LHP Timothy Allen
Batting: RHB Danny Spencer 0-0: Fly out, F9 (Flyball, 9S)
Batting: RHB Don Brown 0-0: Ball
1-0: Foul Ball, location: 2F
1-1: Fly out, F7 (Flyball, 78XD)
Batting: RHB Manuel Romo 0-0: Called Strike
0-1: Foul Ball, location: 2F
0-2: Foul Ball, location: 2F
0-2: Ground out 4-3 (Groundball, 4)
Bottom of the 6th over - 0 run(s), 0 hit(s), 0 error(s), 0 left on base; New Amsterdam 1 - Northern Virginia 1
TOP OF THE 7TH
New Amsterdam Republics batting - Pitching for Northern Virginia Retrievers : LHP Pat Horton
Batting: RHB Raúl Hernández 0-0: Ball
1-0: Foul Ball, location: 2F
1-1: Called Strike
1-2: Strikes out swinging
Pinch Hitting: RHB Chip Teague 0-0: Called Strike
0-1: Called Strike
0-2: Strikes out looking
Batting: LHB Timothy Allen 0-0: Ball
1-0: Ball
2-0: Ground out 6-3 (Groundball, 6MS)
Top of the 7th over - 0 run(s), 0 hit(s), 0 error(s), 0 left on base; New Amsterdam 1 - Northern Virginia 1
BOTTOM OF THE 7TH
Northern Virginia Retrievers batting - Pitching for New Amsterdam Republics : LHP Timothy Allen
Now at SS: Chip Teague
Batting: RHB Jorge Gómez 0-0: Called Strike
0-1: Foul Ball, location: 2F
0-2: Ball
1-2: Ball
2-2: Ball
3-2: Fly out, F8 (Line Drive, 8LM)
Pinch Hitting: RHB José Rodríguez 0-0: Ball
1-0: Foul Ball, location: 2F
1-1: Ball
2-1: Swinging Strike
2-2: Ground out 6-3 (Groundball, 6)
Batting: LHB Scott Boardman 0-0: Ball
1-0: Ground out 3-1 (Groundball, 34)
Bottom of the 7th over - 0 run(s), 0 hit(s), 0 error(s), 0 left on base; New Amsterdam 1 - Northern Virginia 1
TOP OF THE 8TH
New Amsterdam Republics batting - Pitching for Northern Virginia Retrievers : LHP Pat Horton
Now in CF: Matt Nichols
Batting: SHB Juan López 0-0: Ball
1-0: Ground out 6-3 (Groundball, 6)
Batting: RHB Rodrigo Luna 0-0: Ball
1-0: Called Strike
1-1: Ball
2-1: Ground out 5-3 (Groundball, 5S)
Batting: RHB Colby Turner 0-0: Hit by Pitch
Batting: RHB Lawrence Bell 0-0: Called Strike
0-1: Ball
1-1: Ball
2-1: Ball
3-1: DOUBLE (Line Drive, 8RD)
Colby Turner to third
Batting: RHB Tony Torres 0-0: Called Strike
0-1: Called Strike
0-2: Foul Ball, location: 2F
0-2: Ball
1-2: Fly out, F7 (Popup, 6D)
Top of the 8th over - 0 run(s), 1 hit(s), 0 error(s), 2 left on base; New Amsterdam 1 - Northern Virginia 1
BOTTOM OF THE 8TH
Northern Virginia Retrievers batting - Pitching for New Amsterdam Republics : LHP Timothy Allen
Batting: LHB Danny Scanlan 0-0: Foul Ball, location: 2F
0-1: Ball
1-1: Swinging Strike
1-2: SINGLE (Groundball, 3L)
Pinch Hitting: LHB Chris Drew 0-0: Sac Bunt - play at second, runner OUT -> throw to first, DP!
Batting: LHB Luis Robles 0-0: Foul Ball, location: 2F
0-1: Foul Ball, location: 2F
0-2: Ball
1-2: Strikes out swinging
Bottom of the 8th over - 0 run(s), 1 hit(s), 0 error(s), 0 left on base; New Amsterdam 1 - Northern Virginia 1
TOP OF THE 9TH
New Amsterdam Republics batting - Pitching for Northern Virginia Retrievers : LHP Pat Horton
Pitching: RHP Derek Wolton
Batting: LHB Juan Ángel 0-0: Ball
1-0: Called Strike
1-1: Ball
2-1: Ground out 4-3 (Groundball, 34)
Batting: RHB Raúl Hernández 0-0: Ball
1-0: Ground out 6-3 (Groundball, 6)
Batting: RHB Chip Teague 0-0: Foul Ball, location: 2F
0-1: SOLO HOME RUN (Flyball, 7D), Distance : 376 ft
Pinch Hitting: LHB Francisco Torres 0-0: Swinging Strike
0-1: Foul Ball, location: 2F
0-2: Ball
1-2: Hit by Pitch
Pinch Hitting: LHB Steve Ingram 0-0: Called Strike
Francisco Torres steals 2nd base
0-1: Ball
1-1: Ball
2-1: Ball
3-1: Base on Balls
Batting: RHB Rodrigo Luna 0-0: Ball
1-0: Ball
2-0: Called Strike
2-1: Fly out, F6 (Popup, 4MD)
Top of the 9th over - 1 run(s), 1 hit(s), 0 error(s), 2 left on base; New Amsterdam 2 - Northern Virginia 1
BOTTOM OF THE 9TH
Northern Virginia Retrievers batting - Pitching for New Amsterdam Republics : LHP Timothy Allen
Pitching: RHP Ji-hoon Park
Now in CF: Steve Ingram
Pinch Hitting: LHB Jim Chaffe 0-0: Ball
1-0: Foul Ball, location: 2F
1-1: SINGLE (Line Drive, 4D)
Batting: RHB Don Brown 0-0: Called Strike
0-1: Foul Ball, location: 2F
0-2: Grounds into double play, 6-4-3 (Groundball, 6M)
Batting: RHB Manuel Romo 0-0: Called Strike
0-1: Foul Ball, location: 2F
0-2: Ground out 6-3 (Groundball, 6)
Bottom of the 9th over - 0 run(s), 1 hit(s), 0 error(s), 0 left on base; New Amsterdam 2 - Northern Virginia 1
This league is powered by Out of the Park Baseball, the baseball management simulation game for PC, Mac and Linux
Thursday, April 24th, 2014 - OOTP Baseball 14.6 Build 33